 Dungeon Crawl Stone Soup version 0.30-a0-883-g5ad918d77d (webtiles) character file.

Game seed: 4095439527212036922

58 BillyBaka the Shooter (level 3, -9/31 HPs)
             Began as a Minotaur Hunter on Mar 15, 2023.
             Mangled by a sleepcap (18 damage)
             ... on level 3 of the Dungeon.
             The game lasted 00:05:10 (1595 turns).

BillyBaka the Shooter (Minotaur Hunter)             Turns: 1595, Time: 00:05:12

Health: -9/31      AC:  5    Str: 15    XL:     3   Next: 76%
Magic:  2/2        EV:  2    Int:  6    God:
Gold:   121        SH:  0    Dex: 15    Spells: 2/2 levels left

rFire   . . .      SeeInvis .    a - +0 shortbow
rCold   . . .      Faith    .    (shield currently unavailable)
rNeg    . . .      Spirit   .    c - +0 leather armour
rPois   .          Reflect  .    (helmet restricted)
rElec   .          Rampage  .    m - +0 cloak
rCorr   .                        g - +0 pair of gloves
Will    .....                    (no boots)
Stlth   +                        (no amulet)
HPRegen 0.25/turn                (no ring)
MPRegen 0.08/turn                (no ring)

@: sleeping
A: horns 2, retaliatory headbutt
a: no special abilities


You were on level 3 of the Dungeon.
You visited 1 branch of the dungeon, and saw 3 of its levels.

You collected 121 gold pieces.

Inventory:

Hand Weapons
 a - a +0 shortbow (weapon)
 b - a +0 trident of protection
Armour
 c - a +0 leather armour (worn)
 g - a +0 pair of gloves (worn)
 m - a +0 cloak (worn)
Scrolls
 d - 2 scrolls of fear {unknown}
 e - 2 scrolls of enchant weapon {unknown}
 f - 2 scrolls of identify {unknown}
 h - a scroll of torment {unknown}
 i - a scroll of magic mapping {unknown}
 l - 2 scrolls of immolation
Potions
 j - a potion of degeneration {unknown}
 k - a potion of might {unknown}


   Skills:
 + Level 3.4 Fighting
 * Level 5.5 Ranged Weapons
 - Level 2.1 Dodging
 - Level 0.7 Stealth


You had 2 spell levels left.
You didn't know any spells.
Your spell library contained the following spells:

 Spells                   Type           Power      Damage    Failure   Level
 Magic Dart               Conj           0%         1d3       52%         1
 Ensorcelled Hibernation  Hex/Ice        0%         N/A       67%         2
 Lesser Beckoning         Tloc           0%         N/A       67%         2
 Passwall                 Tmut/Erth      0%         N/A       67%         2
 Searing Ray              Conj           0%         2d4       67%         2
 Gell's Gravitas          Tloc           0%         N/A       88%         3
 Swiftness                Air            0%         N/A       88%         3
 Teleport Other           Tloc           0%         N/A       88%         3
 Fulminant Prism          Conj/Hex       0%         3d5       99%         4


Dungeon Overview and Level Annotations

Branches:
Dungeon (3/15)

Altars:

Shops:
D:1 !


Innate Abilities, Weirdness & Mutations

You have a pair of horns on your head.
You reflexively headbutt those who attack you in melee.


Message History

You are engulfed in a cloud of soporific spores!
You fall asleep.
The sleepcap releases spores at you!
You wake up.
You are engulfed in a cloud of soporific spores!
You are unaffected.
You are too injured to fight recklessly!
Fire: a) +0 shortbow
Press: ? - help, Q - select action Shift-Dir - straight line, f/p - sleepcap
Aim: a sleepcap (moderately damaged, 98% to hit)
You shoot an arrow. The arrow hits the sleepcap.
The sleepcap is heavily damaged.
The sleepcap closely misses you.
Fire: a) +0 shortbow
Press: ? - help, Q - select action Shift-Dir - straight line, f/p - sleepcap
Aim: a sleepcap (heavily damaged, 98% to hit)
You shoot an arrow. The arrow hits the sleepcap!
The sleepcap is almost destroyed.
The sleepcap releases spores at you. x2
You are engulfed in a cloud of soporific spores!
You are unaffected.
Fire: a) +0 shortbow
Press: ? - help, Q - select action Shift-Dir - straight line, f/p - sleepcap
Aim: a sleepcap (almost destroyed, 98% to hit)
You shoot an arrow. The arrow hits the sleepcap.
The sleepcap is almost destroyed.
The sleepcap releases spores at you.
Fire: a) +0 shortbow
Press: ? - help, Q - select action Shift-Dir - straight line, f/p - sleepcap
Aim: a sleepcap (almost destroyed, 98% to hit)
You shoot an arrow.
The arrow hits the sleepcap but does no damage.
The sleepcap is almost destroyed.
The sleepcap releases spores at you.
* * * LOW HITPOINT WARNING * * *
You are engulfed in a cloud of soporific spores!
You fall asleep.
The sleepcap releases spores at you but does no damage.
The sleepcap releases spores at you!!
Ouch! That really hurt!
You die...

.....##..##
#.#.####### ....#
#...###.#........
....
..........######
##.. #...#.#.##
......#.# ##..#.#
#####...#
........######
..####.@.....#
#f#...>.# ..<
.....# ...##
..)..# .....
###### ##.. ...#
###


You could see a sleepcap.

Vanquished Creatures
  An adder (D:2)
  A dart slug (D:3)
  3 orcs (D:3)
  8 ball pythons
  4 endoplasms (D:1)
  A giant cockroach (D:1)
  2 goblins
  A hobgoblin (D:1)
  7 kobolds
  3 quokkas
  4 bats
  4 frilled lizards
  7 rats
46 creatures vanquished.

Notes
Turn   | Place    | Note
-------+----------+-------------------------------------------
     0 | D:1      | BillyBaka the Minotaur Hunter began the quest for the Orb.
     0 | D:1      | Reached XP level 1. HP: 18/18 MP: 0/0
    85 | D:1      | Reached XP level 2. HP: 9/25 MP: 1/1
   371 | D:1      | Found Duban's Distillery.
   450 | D:1      | Reached skill level 5 in Ranged Weapons
   458 | D:1      | Found a faded altar of an unknown god.
  1004 | D:2      | Reached XP level 3. HP: 31/31 MP: 2/2
  1595 | D:3      | Mangled by a sleepcap

Illustrated notes

Levels and vault maps discovered:
D:1:      dpeg_arrival_simpleton_b, layout_basic,
          shapermc_ecumenical_altar_pompeii, serial_shops, shop
D:2:      kennysheep_big_flooded_room, layout_loops_ring, serial_bayou_pond_b
D:3:      layout_rooms, serial_shops, nicolae_lakefront_shop

Skill      XL: |  1  2 |
---------------+-------+-----
Ranged Weapons | 5 |  5.5
Fighting       | 3 |  3.4
Dodging        | |  2.1
Stealth        | |  0.7

Action                     || total
---------------------------++-------
   Fire: Shortbow          ||   122
 Armour: Leather armour    ||    23
  Dodge: Dodged            ||    34

Table legend: (Time is in decaauts)
 A = Elapsed time spent in this place.
 B = Non-inter-level travel time spent in this place.
 C = Inter-level travel time spent in this place.
 D = Time resting spent in this place.
 E = Time spent auto-exploring this place.
 F = Levels seen in this place.
 G = Mean time per level.
                   A        B        C        D        E       F      G
               +--------+--------+--------+--------+--------+-----+--------+
         Total |   1629 |   1567 |     62 |     62 |   1237 |   3 |  543.0 |
       Dungeon |   1629 |   1567 |     62 |     62 |   1237 |   3 |  543.0 |
               +--------+--------+--------+--------+--------+-----+--------+

Top non-repeatable levels by time:
     D:1: 889 daAuts
     D:2: 653 daAuts
     D:3: 86 daAuts
